 Dungeon Crawl Stone Soup version 0.30-a0-1066-g63dfefce0d (webtiles) character file.

Game seed: 3857140351568356469

1 Zeldest the Vexing (level 1, 0/9 HPs)
             Began as a Spriggan Hexslinger on Apr 13, 2023.
             Slain by a quokka (3 damage)
             ... on level 1 of the Dungeon.
             The game lasted 00:00:13 (54 turns).

Zeldest the Vexing (Spriggan Hexslinger)              Turns: 54, Time: 00:00:14

Health: 0/9        AC:  2    Str:  6    XL:     1   Next: 16%
Magic:  3/3        EV: 17    Int: 14    God:
Gold:   16         SH:  0    Dex: 15    Spells: 1/2 levels left

rFire   . . .      SeeInvis +    a - +1 sling
rCold   . . .      Faith    .    (no shield)
rNeg    . . .      Spirit   .    c - +0 robe
rPois   .          Reflect  .    (helmet restricted)
rElec   .          Rampage  .    (no cloak)
rCorr   .                        (gloves unavailable)
Will    .....                    (boots unavailable)
Stlth   +                        (no amulet)
HPRegen 0.21/turn                (no ring)
MPRegen 0.08/turn                (no ring)

@: very quick
A: very small, no large weapons, unfitting armour, see invisible, speed 3
a: no special abilities


You were on level 1 of the Dungeon.
You visited 1 branch of the dungeon, and saw 1 of its levels.

You collected 16 gold pieces.

Inventory:

Hand Weapons
 a - a +1 sling (weapon)
Armour
 c - a +0 robe (worn)
Scrolls
 b - a scroll of poison


   Skills:
 - Level 0.7 Fighting
 + Level 2.0 Ranged Weapons
 + Level 2.7 Dodging
 - Level 1.3 Spellcasting
 + Level 3.6 Hexes


You had one spell level left.
You knew the following spells:

 Your Spells              Type           Power      Damage    Failure   Level
a - Slow                  Hex            44%        N/A       5%          1

Your spell library contained the following spells:

 Spells                   Type           Power      Damage    Failure   Level
 Inner Flame              Hex/Fire       6%         N/A       34%         3
 Portal Projectile        Hex/Tloc       12%        N/A       34%         3
 Cause Fear               Hex            5%         N/A       50%         4


Dungeon Overview and Level Annotations

Branches:
Dungeon (1/15) Zot: 5945

Altars:


Innate Abilities, Weirdness & Mutations

You are very small and have problems with some larger weapons.
You are too small for most types of armour.
You have supernaturally acute eyesight. (SInv)
You cover ground extremely quickly. (Speed+++)


Message History

The ball python barely misses you. The ball python constricts you.
Fire: a) +1 sling
Press: ? - help, Q - select action, (/) - cycle Shift-Dir - straight line, f/p - ball python
Aim: a ball python (constricting you, slow, 53% to hit)
You shoot a sling bullet.
The sling bullet hits the ball python but does no damage.
The ball python barely misses you. The ball python constricts you.
Fire: a) +1 sling
Press: ? - help, Q - select action, (/) - cycle Shift-Dir - straight line, f/p - ball python
Aim: a ball python (constricting you, slow, 53% to hit)
You shoot a sling bullet. The sling bullet hits the ball python!
You kill the ball python!
Fire: a) +1 sling
Press: ? - help, Q - select action, (/) - cycle Shift-Dir - straight line, f - you
Okay, then.
You start resting.
Magic restored.
You start resting.
HP restored.
You see here a ball python corpse.
You now have 16 gold pieces.
A quokka comes into view.
A quokka is nearby!
A quokka is nearby!
A quokka is nearby!
You shoot a sling bullet.
The sling bullet hits the quokka but does no damage.
You shoot a sling bullet.
The sling bullet closely misses the quokka.
You shoot a sling bullet.
The sling bullet hits the quokka but does no damage.
You shoot a sling bullet.
The sling bullet closely misses the quokka.
The quokka closely misses you. The quokka barely misses you.
You shoot a sling bullet.
The sling bullet closely misses the quokka.
The quokka bites you.
A quokka is nearby!
You shoot a sling bullet. The sling bullet misses the quokka.
The quokka bites you. x2
You die...

#≈≈≈...#....... #
#≈≈.##.#..... ..
#≈.[##.#.>.###.#
#......#........
#⌠.....'....#
#......#†...#
#...##.#....#
#...##.#....#
#......#...@#
#......#....r......
#⌠..>..#..[.....##.
########....!....#
#............
.......#....#.
........###..#
##.#..... ...


You could see a quokka.

Vanquished Creatures
  2 ball pythons (D:1)
2 creatures vanquished.

Notes
Turn   | Place    | Note
-------+----------+-------------------------------------------
     0 | D:1      | Zeldest the Spriggan Hexslinger began the quest for the
                  | Orb.
     0 | D:1      | Reached XP level 1. HP: 9/9 MP: 3/3
    54 | D:1      | Slain by a quokka

Illustrated notes

Levels and vault maps discovered:
D:1:      amcnicky_arrival_flooded_fountain, layout_basic, minmay_bisected

Action                     || total
---------------------------++-------
   Fire: Sling             ||    16
   Cast: Slow              ||     2
  Dodge: Dodged            ||    14

Table legend: (Time is in decaauts)
 A = Elapsed time spent in this place.
 B = Non-inter-level travel time spent in this place.
 C = Inter-level travel time spent in this place.
 D = Time resting spent in this place.
 E = Time spent auto-exploring this place.
 F = Levels seen in this place.
 G = Mean time per level.
                   A        B        C        D        E       F      G
               +--------+--------+--------+--------+--------+-----+--------+
         Total |     52 |     52 |      0 |     20 |      8 |   1 |   52.0 |
       Dungeon |     52 |     52 |      0 |     20 |      8 |   1 |   52.0 |
               +--------+--------+--------+--------+--------+-----+--------+

Top non-repeatable levels by time:
     D:1: 52 daAuts
